 Dungeon Crawl Stone Soup version 0.24.0-123-gd5b16e6ec5 (webtiles) character file.

Game seed: 7504078771390472369, levelgen mode: deterministic

7 Descartes the Scratcher (level 1, 0/9 HPs)
             Began as a Felid Wanderer on Dec 17, 2019.
             Slain by a goblin
             ... wielding a cursed -1 club
              (3 damage)
             ... on level 1 of the Dungeon.
             The game lasted 00:01:05 (277 turns).

Descartes the Scratcher (Felid Wanderer)             Turns: 277, Time: 00:01:06

Health: 0/9        AC:  1    Str:  9    XL:     1   Next: 83%
Magic:  4/4        EV: 15    Int: 14    God:
Gold:   37         SH:  0    Dex: 13    Spells: 4/4 levels left
                                        Lives:  0   Deaths: 0

rFire    x . .     SeeInvis +     - Unarmed
rCold    + . .     Gourm    .   (shield unavailable)
rNeg     . . .     Faith    .   (armour unavailable)
rPois    .         Spirit   .   (helmet unavailable)
rElec    .         Reflect  .   (cloak unavailable)
rCorr    .         Harm     .   (gloves unavailable)
MR       .....                  (boots unavailable)
Stlth    +++.......             (no amulet)
HPRegen  0.03/turn              c - ring of ice
MPRegen  0.09/turn              (no ring)

@: quick
A: very small, no armour, no weapons or thrown items, stealth, claws 1, fangs 3,
see invisible, carnivore, speed 1, shaggy fur 1, slow metabolism 1, sharp paws
a: no special abilities


You were on level 1 of the Dungeon.
You were completely stuffed.

You visited 1 branch of the dungeon, and saw 1 of its levels.

You collected 37 gold pieces.

Inventory:

Missiles
 h - 25 stones
Jewellery
 c - a ring of ice (left paw)
 i - a +2 ring of slaying {unknown}
Scrolls
 a - 3 scrolls of blinking
 b - 2 scrolls of teleportation
 f - a scroll of remove curse {unknown}
 l - a scroll of magic mapping {unknown}
Potions
 e - a potion of heal wounds {unknown}
 g - a potion of curing {unknown}
 k - a potion of lignification {unknown}
Comestibles
 d - a ration
 j - a chunk of flesh


   Skills:
 + Level 2.1 Fighting
 + Level 0.5 Dodging
 + Level 2.9 Stealth
 * Level 3.2 Unarmed Combat
 + Level 2.0 Spellcasting
   Level 1.0 Ice Magic


You had 4 spell levels left.
You didn't know any spells.
Your spell library contained the following spells:

 Spells                   Type           Power        Failure   Level  Hunger
 Poisonous Vapours        Pois/Air       #.....       34%         2    ###....
 Swiftness                Chrm/Air       #.......     34%         2    ###....


Dungeon Overview and Level Annotations

Branches:
Dungeon (1/15)

Altars:


Innate Abilities, Weirdness & Mutations

You cannot wear armour.
You are incapable of wielding weapons or throwing items.
Your paws allow you to move quietly. (Stealth)
You have sharp claws.
You have razor-sharp teeth.
You have supernaturally acute eyesight. (SInv)
You are carnivorous and can eat meat at any time.
You cover ground quickly.
You are covered in fur. (AC +1)
You have a slow metabolism.
Your sharp claws are effective at attacking unaware monsters.


Message History

l - a scroll labeled KEGRAG WIYCHEZ You now have 25 gold pieces (gained 14).
You now have 37 gold pieces (gained 12).
A goblin comes into view. It is wielding a -1 club.
Found 15 stones.
You see here 9 gold pieces.
The goblin shouts!
The goblin hits you with a cursed -1 club.
You barely miss the goblin. You bite the goblin.
The goblin is severely wounded.
A bat comes into view.
The goblin hits you with a cursed -1 club.
You are too injured to fight recklessly!
You are too injured to fight recklessly!
You are too injured to fight recklessly!
You are too injured to fight recklessly!
You closely miss the goblin.
The goblin is severely wounded.
The goblin hits you with a cursed -1 club.
You die...

#.##.#..........#
#.##.#...........
#.##.............
##.##........)....
#$.##.......รท.....
#.###.#.........#.
#.# #.##.......###
#.#...##.###.###..
#@(.###..# #.# #.#
#.g###..## #.. #.#
.!## # ###.... ##.#
..## #b# #. # #.#
#.# #.#


You could see a goblin and a bat.

Vanquished Creatures
  A goblin (D:1)
  2 kobolds (D:1)
  4 frilled lizards (D:1)
  A rat (D:1)
8 creatures vanquished.

Notes
Turn   | Place    | Note
-------+----------+-------------------------------------------
     0 | D:1      | Descartes the Felid Wanderer began the quest for the Orb.
     0 | D:1      | Descartes set off with the following items: 2 scrolls of
                  | blinking, a scroll of teleportation, a ration; and the
                  | following spells available to memorise: Poisonous Vapours,
                  | Swiftness
     0 | D:1      | Reached XP level 1. HP: 9/9 MP: 4/4
   277 | D:1      | Slain by a goblin

Levels and vault maps discovered:
D:1:      dpeg_arrival_tiny_d, layout_rooms, minmay_hexomino_f4

Action                   || total
-------------------------++-------
Melee: Unarmed           ||    16
       Bite              ||     2
  Eat: Chunk             ||     6
Armor: Skin              ||     1
Dodge: Dodged            ||     5
